AoeStats
← rdy2work

Nomad

510672834Analyzed
2v2 RM · 19h ago on Oct 2, 2026· 53m 26s· 4 players
Game mode
Random Map
Map size
176×176
Population
200
Speed
Normal
Resources
Standard
Victory
Conquest
Starting age
Dark Age
Ending age
Imperial Age
RankedLock teamsTeams togetherTeam positionsShared explorationLock speedFull tech treeHidden civsTurbo modeCheats
Victory
Defeat
🇧🇷 Persians · Brazil
986
+17
🇧🇷 Franks · Brazil
969
+17
🇨🇳 Tatars · China
1025
-18
🇲🇽 Mongols · Mexico
978
-16
ZopePunk
12:10 Feudal Age
12:21 Loom
12:59 Double-Bit Axe
23:37 Castle Age
25:48 Forging
26:22 Bloodlines
28:50 Fletching
29:08 Scale Barding Armor
30:21 Horse Collar
35:05 Pikeman
36:55 Bodkin Arrow
42:45 Imperial Age
42:40 Heavy Plow
43:53 Conscription
rdy2work
13:52 Feudal Age
14:14 Man-at-Arms
21:52 Forging
23:32 Loom
25:56 Horse Collar
29:25 Castle Age
28:18 Stone Mining
28:18 Gold Mining
29:32 Elite Skirmisher
30:05 Fletching
30:46 Pikeman
31:32 Double-Bit Axe
32:39 Crossbowman
38:17 Bodkin Arrow
39:16 Bow Saw
39:45 Gold Shaft Mining
39:45 Padded Archer Armor
41:40 Wheelbarrow
41:43 Heavy Plow
46:03 Imperial Age
44:39 Leather Archer Armor
44:45 Silk Armor
45:47 Ballistics
47:16 Conscription
46:40 Heavy Cavalry Archer
48:13 Ring Archer Armor
47:43 Bracer
47:50 Scale Barding Armor
49:36 Squires
48:56 Halberdier
52:44 Hand Cart
52:18 Town Watch
ANDREZZA_KUKAH
5:58 Loom
14:43 Feudal Age
16:11 Double-Bit Axe
26:00 Castle Age
26:02 Scale Barding Armor
26:17 Forging
27:36 Squires
26:57 Pikeman
28:53 Chain Barding Armor
29:09 Iron Casting
36:48 Murder Holes
42:39 Wheelbarrow
45:09 Town Watch
51:06 Husbandry
JUNIOR_DEMON_KUKAH
3:47 Loom
13:39 Feudal Age
17:18 Scale Barding Armor
17:33 Forging
17:37 Bloodlines
20:53 Horse Collar
27:30 Castle Age
25:59 Fishing Lines
28:01 Husbandry
28:23 Chain Barding Armor
31:54 Double-Bit Axe
34:48 Town Watch
35:45 Wheelbarrow
36:29 Iron Casting
39:30 Imperial Age
39:43 Imperial Age
37:55 Gold Mining
38:34 Kamandaran
40:00 Hand Cart
40:32 Cavalier
42:11 Conscription
42:24 Crossbowman
43:38 Heavy Plow
44:35 Plate Barding Armor
44:44 Fletching
46:04 Bow Saw
46:20 Heavy Camel Rider
47:24 Thumb Ring
49:12 Blast Furnace
49:32 Fervor
49:41 Block Printing
50:04 Theocracy
51:45 Bodkin Arrow
52:28 Town Patrol
53:38 Two-Man Saw
53:09 Crop Rotation
Connection lost

Rejoining the realm…

Still unreachable

The connection could not be restored.

Session expired

The server has moved on; the page needs a fresh start.